 Dungeon Crawl Stone Soup version 0.20.0-10-g0535bb4 (webtiles) character file.

152974 kuniqs the Covert (level 17, -8/93 HPs)
             Began as a Vine Stalker Fighter on June 5, 2017.
             Was a High Priest of Uskayaw.
             Mangled by a deep troll (20 damage)
             ... led by an ironheart preserver
             ... on level 3 of the Vaults.
             The game lasted 01:13:59 (33238 turns).

kuniqs the Covert (Vine Stalker Fighter)           Turns: 33238, Time: 01:14:00

Health: -8/93      AC: 26    Str: 25    XL:     17   Next: 29%
Magic:  0/26       EV: 14    Int:  8    God:    Uskayaw [*****.]
Gold:   714        SH: 20    Dex: 19    Spells: 11/16 levels left

rFire    + . .     SeeInvis .   u - +11 falchion of the Hidden Vale {flame, rElec}
rCold    + . .     Gourm    .   F - +3 shield
rNeg     . . .     Faith    .   y - +1 plate armour of the Commoners {Dex+4}
rPois    +         Spirit   +   X - +2 helmet of Kehu {rElec rPois}
rElec    +         Reflect  +   c - +0 cloak
rCorr    .         Harm     .   v - +2 pair of gloves {archery}
MR       +++..                  i - +1 pair of boots of the Prince {rC+}
Stlth    +.........             r - +3 amulet of reflection
Regen    1.1/turn               x - ring of protection from magic
MPRegen  0.2/turn               g - ring of protection from fire

@: mesmerised
A: reduced essence, fangs 3, regeneration 2, robust 1, magic shield, antimagic
bite, no potion heal 3, rot immunity, MP-powered wands
}: 1/15 runes: decaying
a: Stomp, Line Pass, Grand Finale, Renounce Religion


You were on level 3 of the Vaults.
You worshipped Uskayaw.
Uskayaw was aware of your devotion.
You were not hungry.

You visited 7 branches of the dungeon, and saw 34 of its levels.
You also visited: Labyrinth, Ice Cave and Volcano.

You collected 3198 gold pieces.
You spent 2484 gold pieces at shops.

Inventory:

Hand Weapons
 s - a +5 dagger of freezing
 u - the +11 falchion of the Hidden Vale (weapon) {flame, rElec}
   (You found it on level 1 of the Swamp)

   It has been specially enchanted to burn those struck by it, causing extra
   injury to most foes and up to half again as much damage against particularly
   susceptible opponents.
   Big, fiery blades are also staple armaments of hydra-hunters.
   It insulates you from electricity.
Missiles
 J - 2 throwing nets (quivered)
Armour
 c - a +0 cloak (worn)
 i - the +1 pair of boots of the Prince (worn) {rC+}
   (You found it in a volcano)

   It protects you from cold.
 v - a +2 pair of gloves of archery (worn)
 y - the +1 plate armour of the Commoners (worn) {Dex+4}
   (You bought it in a shop on level 14 of the Dungeon)

   It affects your dexterity (+4).
 F - a +3 shield (worn)
 X - the +2 helmet of Kehu (worn) {rElec rPois}
   (You bought it in a shop on level 2 of the Orcish Mines)

   It insulates you from electricity.
   It protects you from poison.
Jewellery
 g - a ring of protection from fire (right hand)
 o - an uncursed ring of protection from cold
 q - an uncursed ring of see invisible
 r - a +3 amulet of reflection (around neck)
 x - a ring of protection from magic (left hand)
 Q - an uncursed amulet of regeneration
 V - an uncursed ring of resist corrosion
Wands
 a - a wand of flame (5/48)
 h - a wand of paralysis (10/24)
 A - a wand of iceblast (4/15)
 L - a wand of lightning (8/15)
 U - a wand of digging (20/24)
Scrolls
 j - 5 scrolls of blinking
 l - 6 scrolls of teleportation
 p - 7 scrolls of magic mapping
 t - 4 scrolls of enchant weapon
 B - a scroll of fear
 C - 2 scrolls of enchant armour
 D - a scroll of summoning
 E - 3 scrolls of silence
 G - 5 scrolls of recharging
 I - a scroll of holy word
 K - 4 scrolls of fog
 M - 2 scrolls of immolation
 N - 7 scrolls of remove curse {@r2}
 Y - a scroll of identify {@r1}
Potions
 b - 3 potions of haste
 m - 4 potions of might
 n - 19 potions of curing {@q1}
 w - 5 potions of flight
 z - a potion of agility
 O - 3 potions of cancellation
 P - 5 potions of invisibility
 S - a potion of berserk rage
 W - a potion of resistance
Miscellaneous
 R - a lightning rod (2/4)
Comestibles
 d - 17 bread rations
 e - 24 meat rations
 f - 13 fruits
 k - 17 royal jellies
 H - 7 chunks of flesh


   Skills:
 + Level 11.9 Fighting
 - Level 10.5 Short Blades
 + Level 10.9 Armour
 + Level 10.7 Dodging
 - Level 12.0 Stealth
 + Level 11.6 Shields
 + Level 11.7 Invocations


You had 11 spell levels left.
You knew the following spells:

 Your Spells              Type           Power        Failure   Level  Hunger
a - Alistair's Intoxicat  Tmut/Pois      #.......     100%        5    ######.


Dungeon Overview and Level Annotations

Branches:
Dungeon (15/15)            Temple (1/1) D:5            Lair (6/6) D:9
  Swamp (4/4) Lair:3       Spider (3/4) Lair:4        Slime (0/5) Lair:6
    Orc (2/2) D:11            Elf (0/3) Orc:2        Vaults (3/5) D:13
  Crypt (0/3) Vaults:2     Depths (0/5) D:15

Altars:
Ashenzari
Cheibriados
Dithmenos
Elyvilon
Fedhas
Gozag
Hepliaklqana
Kikubaaqudgha
Makhleb
Nemelex Xobeh
Okawaru
Qazlal
Ru
Sif Muna
Trog
Uskayaw
Vehumet
Xom
Yredelemnul
Zin
The Shining One
Beogh
Jiyva

Shops:
D:14 [   Orc:2 [*!%   Vaults:2 *

Annotations:
Lair:2 exclusions: electric eel and 1 more exclusion
Lair:3 exclusion: oklob plant
Lair:6 1 runed door
Swamp:2 exclusion: Roxanne, Roxanne
Spider:3 Torax's ghost, adept MiBe
Vaults:3 Jory


Innate Abilities, Weirdness & Mutations

You have razor-sharp teeth.
You heal very quickly.
When hurt, damage is shared between your health and your magic reserves.
Your bite disrupts and absorbs the magic of your enemies.
Potions cannot restore your health.
You are immune to rotting.
Your life essence is reduced. (-10% HP)
You are robust. (+10% HP)
You expend magic power (3 MP) to strengthen your wands.


Message History

You block the deep troll's attack.
The deep troll shaman calls upon its god to strengthen the deep troll.
The deep troll seems to grow stronger.
Jory casts a spell.
Jory attempts to bespell you!
You are mesmerised by Jory!
The deep troll misses you. x2; The deep troll claws you.
* * * LOW HITPOINT WARNING * * *
You barely miss the deep troll shaman.
You bite the deep troll shaman, but do no damage.
The deep troll shaman is heavily wounded.
The deep troll closely misses you. You block the deep troll's attack. x2
You block the deep troll shaman's attack.
The deep troll shaman claws you but does no damage.
The deep troll shaman barely misses you.
The deep troll bites you!!
* * * LOW HITPOINT WARNING * * *
The deep troll claws you but does no damage. x2
The deep troll bites you!!
You die...

.#################
.###.............#
..##.............#
'###.............#######
........................
........................
........................
................TT......
...............†@T......
.########'#..V...T......
.#........#..#########..
.#........#..#
.#........#..#
.#........#..#
.#........#..#
.#........#..#
#........#..#


You could see Jory, 3 deep trolls and a deep troll shaman.

Vanquished Creatures
  Rupert (Lair:3)
  3 sphinxes
  Frances (D:14)
  2 thorn hunters (Swamp:4)
  The ghost of Bareth the Executioner, a journeyman HOBe of Trog (Swamp:1)
  7 vault wardens
  5 ironheart preservers
  2 entropy weavers
  2 stone giants (Vaults:2)
  5 very ugly things
  Azrael (Spider:1)
  Nessos (D:14)
  The ghost of mcbry the Spear-Bearer, a journeyman MfFi of Hepliaklqana (D:13)
  A red draconian (Volcano)
  Snorg (D:14)
  A minotaur (Lab)
  A great orb of eyes (Vaults:3)
  Erolcha (Orc:2)
  3 fire dragons
  Fannar (D:11)
  2 yaktaur captains
  7 ogre magi
  4 vault guards (Vaults:3)
  25 hydras
  3 ice dragons
  4 rakshasas
  4 centaur warriors
  3 ghost crabs (Swamp:4)
  4 death knights
  21 two-headed ogres
  10 alligators
  2 dancing weapons (D:13)
  A death yak (Lair:4)
  A tengu warrior (D:14)
  An orc high priest (Orc:2)
  2 deep elf knights (Vaults:2)
  The ghost of jeanjacques the Frost Mage, a novice OpIE of Kikubaaqudgha (D:8)
  The ghost of maniacrov the Cleaver, a novice MiFi of Makhleb (D:7)
  Nergalle (Lair:3)
  A skeletal warrior (Vaults:2)
  A fire crab (Lair:6)
  A salamander mystic (Volcano)
  7 swamp dragons
  4 wizards
  2 spriggan druids
  An unseen horror (D:10)
  4 shambling mangroves (Swamp:3)
  3 harpies (Vaults:3)
  7 ironbrand convokers
  6 orc knights
  4 phantasmal warriors
  17 wolf spiders
  3 orb spiders
  3 manticores
  19 ugly things
  7 cyclopes
  2 orc sorcerers
  4 salamanders
  A salamander (shapeshifter) (D:15)
  11 elephants
  2 molten gargoyles (Lair:6)
  10 black mambas
  A torpor snail (Lair:4)
  5 ice statues (IceCv)
  11 spiny frogs
  4 vault sentinels
  4 rime drakes
  7 yaktaurs
  An anaconda simulacrum (IceCv)
  An efreet (D:15)
  A tengu conjurer (D:14)
  6 freezing wraiths
  17 komodo dragons
  5 demonic crawlers
  A golden dragon simulacrum (IceCv)
  A merfolk (D:10)
  7 trolls
  A polar bear (Lair:5)
  A queen bee (Orc:1)
  9 jumping spiders
  5 tyrant leeches
  29 slime creatures
  3 meliai (Spider:2)
  21 hornets
  25 blink frogs
  A blink frog (shapeshifter) (Vaults:1)
  2 meliai zombies
  7 bog bodies
  6 dream sheep (Lair:6)
  9 hippogriffs
  A redback (shapeshifter) (D:15)
  5 shadows
  20 redbacks
  65 yaks
  A tarantella (shapeshifter) (D:14)
  11 spriggans
  A dire elephant simulacrum (IceCv)
  A hog (shapeshifter) (Vaults:1)
  7 basilisks (Lair:6)
  5 tarantellas
  2 wraiths
  5 wyverns
  16 vampire mosquitoes
  A yaktaur simulacrum (Vaults:1)
  3 fire elementals (Spider:1)
  3 hungry ghosts
  2 steam dragons (Lair:6)
  2 wargs (Orc:2)
  2 harpy simulacra (IceCv)
  24 swamp worms
  4 acid dragons
  17 water moccasins
  3 hydra simulacra (IceCv)
  12 swamp drakes
  6 hell hounds
  18 orc warriors
  5 porcupines
  3 sky beasts
  A black bear (D:7)
  8 ice beasts
  2 eyes of draining
  An ettin simulacrum (IceCv)
  4 wolves (Lair:4)
  43 ogres
  3 boggarts
  15 centaurs
  21 crocodiles
  2 big kobolds
  15 bullfrogs
  2 wyvern skeletons
  4 scorpions
  29 killer bees
  7 wights
  An electric eel (Lair:3)
  3 howler monkeys
  4 lava snakes (Lair:6)
  3 crimson imps
  3 bullfrog zombies
  3 centaur zombies
  2 human simulacra
  13 orc priests
  5 hounds
  15 orc wizards
  6 bullfrog skeletons
  An iguana (D:7)
  Jessica (D:3)
  6 worker ants
  A killer bee zombie (D:6)
  A hound skeleton (D:11)
  2 worker ant zombies
  6 gnolls
  7 adders
  A river rat (shapeshifter) (Vaults:2)
  2 shadow imps
  An ooze (D:3)
  2 adder zombies
  5 worms
  4 dart slugs
  3 leopard geckos
  64 orcs
  4 bats
  4 giant cockroaches
  7 goblins
  2 hobgoblins
  9 jackals
  3 quokkas
  3 frilled lizards
  A jackal skeleton (D:4)
  10 kobolds
  5 rats
1064 creatures vanquished.

Vanquished Creatures (others)
  A vault warden (Vaults:2)
  2 cyclopes (Vaults:2)
  4 yaktaurs
  A briar patch (Swamp:4)
  A bush (Lair:1)
  10 fungi
  A plant (Lair:4)
20 creatures vanquished.

Grand Total: 1084 creatures vanquished

Notes
Turn   | Place    | Note
-------+----------+-------------------------------------------
     0 | D:1      | kuniqs the Vine Stalker Fighter began the quest for the Orb.
     0 | D:1      | Reached XP level 1. HP: 11/11 MP: 2/2
   109 | D:1      | Reached XP level 2. HP: 12/16 MP: 3/3
   855 | D:2      | Reached XP level 3. HP: 17/20 MP: 2/4
  1415 | D:3      | Noticed Jessica
  1424 | D:3      | Killed Jessica
  1424 | D:3      | Reached skill level 1 in Dodging
  1424 | D:3      | Gained mutation: Your natural rate of healing is unusually fast. [Vine Stalker growth]
  1424 | D:3      | Reached XP level 4. HP: 11/24 MP: 5/5
  1972 | D:4      | Reached XP level 5. HP: 28/28 MP: 6/6
  2587 | D:5      | Entered Level 5 of the Dungeon
  2596 | D:5      | Found a staircase to the Ecumenical Temple.
  2712 | D:5      | Reached XP level 6. HP: 32/32 MP: 7/7
  2802 | D:5      | Noticed an ice beast
  2833 | D:5      | Killed an ice beast
  2841 | D:5      | Noticed a sky beast
  2859 | D:5      | Reached XP level 7. HP: 26/37 MP: 8/8
  2960 | D:5      | Found a snail-covered altar of Cheibriados.
  3020 | Temple   | Entered the Ecumenical Temple
  3067 | Temple   | Became a worshipper of Uskayaw the Reveler
  3187 | D:5      | Reached * piety under Uskayaw
  3191 | D:5      | Reached ** piety under Uskayaw
  3598 | D:6      | Gained mutation: You have razor-sharp teeth. [Vine Stalker growth]
  3598 | D:6      | Reached XP level 8. HP: 42/42 MP: 9/9
  3671 | D:6      | Reached *** piety under Uskayaw
  3673 | D:6      | Reached **** piety under Uskayaw
  3680 | D:6      | Reached ***** piety under Uskayaw
  4063 | D:6      | Reached skill level 1 in Stealth
  4063 | D:6      | Reached skill level 1 in Invocations
  4731 | D:7      | Noticed maniacrov's ghost (novice MiFi)
  4825 | D:7      | Killed maniacrov's ghost
  4825 | D:7      | Reached skill level 5 in Fighting
  4825 | D:7      | Reached skill level 3 in Stealth
  4825 | D:7      | Reached skill level 5 in Shields
  4825 | D:7      | Reached XP level 9. HP: 13/47 MP: 11/11
  4978 | D:7      | Reached skill level 5 in Short Blades
  5093 | D:7      | Found an iron altar of Okawaru.
  5093 | D:7      | Found a basalt altar of Yredelemnul.
  5093 | D:7      | Found a burning altar of Makhleb.
  5094 | D:7      | Found a hazy altar of Hepliaklqana.
  5214 | D:7      | Reached skill level 4 in Stealth
  6082 | D:8      | Noticed jeanjacques's ghost (novice OpIE)
  6248 | D:9      | Found an opulent altar of Gozag.
  6417 | D:9      | Reached skill level 5 in Armour
  6417 | D:9      | Reached skill level 5 in Stealth
  6569 | D:9      | Noticed a troll
  6591 | D:9      | Killed a troll
  6591 | D:9      | Reached XP level 10. HP: 23/53 MP: 9/13
  6664 | D:9      | Found a staircase to the Lair.
  7100 | D:9      | Found a sacrificial altar of Ru.
  7102 | D:9      | Found a shadowy altar of Dithmenos.
  7215 | D:10     | Entered Level 10 of the Dungeon
  7338 | D:10     | Killed an unseen horror
  7338 | D:10     | Reached skill level 5 in Dodging
  7338 | D:10     | Reached skill level 6 in Stealth
  7910 | D:11     | Noticed a manticore
  7920 | D:11     | Killed a manticore
  7975 | D:11     | Noticed Fannar
  8125 | D:12     | Reached XP level 11. HP: 58/58 MP: 15/15
  8127 | D:12     | Noticed a phantasmal warrior
  8128 | D:12     | Noticed a death knight
  8174 | D:11     | Reached ****** piety under Uskayaw
  8176 | D:11     | Reached skill level 7 in Stealth
  8192 | D:11     | Reached skill level 5 in Invocations
  8369 | D:11     | Noticed an orc knight
  8411 | Lair:1   | Entered Level 1 of the Lair of Beasts
  9040 | Lair:1   | Noticed an eight-headed hydra
  9046 | Lair:1   | Killed an eight-headed hydra
  9164 | Lair:1   | Reached skill level 8 in Stealth
  9446 | Lair:2   | Gained mutation: You heal very quickly. [Vine Stalker growth]
  9446 | Lair:2   | Reached XP level 12. HP: 63/63 MP: 17/17
 10385 | Lair:3   | Noticed Rupert
 10419 | Lair:3   | Paralysed by Rupert for 2 turns
 10427 | Lair:3   | Killed Rupert
 10427 | Lair:3   | Reached skill level 9 in Stealth
 10652 | Lair:3   | Found a glowing silver altar of Zin.
 10725 | Lair:3   | Noticed Nergalle
 10743 | Lair:3   | Killed Nergalle
 10783 | Lair:3   | Noticed a six-headed hydra
 10794 | Lair:3   | Killed a six-headed hydra
 10909 | Lair:3   | Reached XP level 13. HP: 69/69 MP: 19/19
 11153 | Lair:3   | Found a staircase to the Swamp.
 11412 | Lair:4   | Found a dark tunnel.
 11420 | Volcano  | Entered a volcano
 11464 | Volcano  | Reached skill level 10 in Stealth
 11482 | Volcano  | Found a radiant altar of Vehumet.
 11525 | Volcano  | Noticed a red draconian
 11610 | Volcano  | Killed a red draconian
 11623 | Volcano  | Got a pair of shimmering boots
 11700 | Lair:4   | Identified a +2 pair of boots of running (You found it in a volcano)
 11700 | Lair:4   | Identified the +1 pair of boots of the Prince {rC+} (You found it in a volcano)
 12295 | Lair:4   | Found a hole to the Spider Nest.
 12934 | Lair:5   | Reached XP level 14. HP: 75/75 MP: 21/21
 13081 | Lair:5   | Reached skill level 11 in Stealth
 13423 | Lair:6   | Entered Level 6 of the Lair of Beasts
 13896 | Lair:6   | Found a runed door.
 13896 | Lair:6   | Found a viscous altar of Jiyva.
 13904 | Lair:6   | Found a staircase to the Slime Pits.
 14338 | Lair:6   | Found a large runed door.
 14471 | Lair:6   | Found a large runed door.
 14636 | Lair:6   | Learned a level 5 spell: Alistair's Intoxication
 15100 | D:11     | Killed Fannar
 15183 | D:11     | Found a roughly hewn altar of Beogh.
 15183 | D:11     | Found a staircase to the Orcish Mines.
 15389 | D:11     | Reached skill level 12 in Stealth
 15749 | D:12     | HP: 3/76 [freezing wraith[a death knight] (6)]
 15751 | D:12     | Reached skill level 10 in Fighting
 16071 | D:12     | Reached XP level 15. HP: 80/80 MP: 22/22
 16502 | D:13     | Noticed mcbry's ghost (journeyman MfFi)
 16601 | Orc:1    | Entered Level 1 of the Orcish Mines
 16704 | Orc:2    | Entered Level 2 of the Orcish Mines
 16704 | Orc:2    | Found a staircase to the Elven Halls.
 16704 | Orc:2    | Noticed Erolcha
 16735 | Orc:2    | Killed Erolcha
 16920 | Orc:2    | Found a roughly hewn altar of Beogh.
 17748 | Orc:2    | Reached skill level 10 in Short Blades
 17748 | Orc:2    | Reached skill level 10 in Shields
 17836 | Orc:2    | Reached skill level 10 in Invocations
 17868 | Orc:2    | Found Habaeb's Assorted Antiques.
 17873 | Orc:2    | Found Mihido Nipp's Antique Armour Shoppe.
 17873 | Orc:2    | Found Hueh's Distillery.
 17873 | Orc:2    | Found Iresutoe's Food Emporium.
 17897 | Orc:2    | Bought a scroll labeled IPICAT SUPP for 34 gold pieces
 17900 | Orc:2    | Bought a shimmering helmet for 256 gold pieces
 17910 | Orc:2    | Identified the +2 helmet of Kehu {rElec rPois} (You bought it in a shop on level 2 of the Orcish Mines)
 17910 | Orc:2    | NICE
 18019 | Orc:2    | Found a bloodstained altar of Trog.
 18265 | Swamp:1  | Entered Level 1 of the Swamp
 18398 | Swamp:1  | Noticed Bareth's ghost (journeyman HOBe)
 18567 | Swamp:1  | Killed Bareth's ghost
 18598 | Swamp:1  | Got a twisted falchion
 19040 | Swamp:1  | Found a white marble altar of Elyvilon.
 19198 | Swamp:2  | Reached XP level 16. HP: 76/86 MP: 24/24
 19212 | Swamp:2  | Noticed Roxanne
 19214 | Swamp:2  | Identified the +11 falchion of the Hidden Vale {flame, rElec} (You found it on level 1 of the Swamp)
 19399 | Swamp:2  | Reached skill level 10 in Armour
 20932 | Swamp:4  | Entered Level 4 of the Swamp
 20938 | Swamp:4  | Reached skill level 10 in Dodging
 21014 | Swamp:4  | Noticed a thorn hunter
 21127 | Swamp:4  | Killed a thorn hunter
 22293 | Swamp:4  | Noticed a thorn hunter
 22343 | Swamp:4  | Killed a thorn hunter
 22343 | Swamp:4  | Reached XP level 17. HP: 81/92 MP: 22/26
 22473 | Swamp:4  | Got a decaying rune of Zot
 22956 | Spider:1 | Entered Level 1 of the Spider Nest
 23060 | Spider:1 | Found a frozen archway.
 23101 | IceCv    | Entered an ice cave
 23658 | D:8      | Killed jeanjacques's ghost
 23736 | D:7      | Fell from the grace of Uskayaw
 23736 | D:7      | Became a worshipper of Hepliaklqana the Forgotten
 23801 | Temple   | Fell from the grace of Hepliaklqana
 23801 | Temple   | Became a worshipper of Uskayaw the Reveler
 24152 | Spider:1 | Noticed Azrael
 24210 | Spider:1 | Killed Azrael
 25037 | Spider:2 | Identified the +5 chain mail of the Hills {MR- Regen+ Str+4} (You found it on level 2 of the Spider Nest)
 25394 | Spider:3 | Noticed Torax's ghost (adept MiBe)
 25603 | Spider:2 | Identified the +6 ring mail of the Sun {+Blink Regen+ Str-4} (You found it on level 2 of the Spider Nest)
 26521 | D:13     | Killed mcbry's ghost
 26589 | D:13     | Found a gate to the Vaults.
 26830 | D:14     | Noticed Nessos
 26843 | D:14     | Killed Nessos
 26952 | D:14     | Found Eskugumo's Antique Armour Emporium.
 26976 | D:14     | Bought a transparent plate armour for 924 gold pieces
 26976 | D:14     | Bought a bloodstained plate armour for 924 gold pieces
 26976 | D:14     | Bought a pair of fine boots for 313 gold pieces
 26976 | D:14     | Identified the +1 plate armour of Context {*Contam rElec rC+++ Stlth+} (You bought it in a shop on level 14 of the Dungeon)
 26978 | D:14     | Identified the +1 plate armour of the Commoners {Dex+4} (You bought it in a shop on level 14 of the Dungeon)
 26990 | D:14     | Identified the -3 pair of boots "Puyssa" {+Blink rElec rF- Str+4} (You bought it in a shop on level 14 of the Dungeon)
 27079 | D:14     | Noticed Frances
 27235 | D:14     | Killed Frances
 27333 | D:14     | Noticed Snorg
 27345 | D:14     | Killed Snorg
 27369 | D:14     | Found a sacrificial altar of Ru.
 27602 | D:15     | Entered Level 15 of the Dungeon
 27772 | D:15     | Found a labyrinth entrance.
 27782 | Lab      | Entered a labyrinth
 27983 | Lab      | Identified Jejoudgh's Reference Book on Dusty Attacks
 28617 | D:15     | Found a staircase to the Depths.
 29196 | Vaults:1 | Entered Level 1 of the Vaults
 29868 | Vaults:1 | Identified the +1 helmet of Ibeup {rElec rC- rN+ Dex+3} (You found it on level 1 of the Vaults)
 29970 | Vaults:1 | Noticed a sphinx
 29979 | Vaults:1 | Killed a sphinx
 30435 | Vaults:2 | Noticed a sphinx
 30452 | Vaults:2 | Killed a sphinx
 30850 | Vaults:2 | Found Mocwim's Assorted Antiques.
 30861 | Vaults:2 | Bought a viscous white potion for 33 gold pieces
 31109 | Vaults:2 | Gained mutation: You are weak. (Str -2) [potion of mutation]
 31109 | Vaults:2 | Gained mutation: You have a pair of small horns on your head. [potion of mutation]
 31110 | Vaults:2 | Lost mutation: You are weak. (Str -2) [potion of mutation]
 31110 | Vaults:2 | Lost mutation: You have a pair of small horns on your head. [potion of mutation]
 31110 | Vaults:2 | Gained mutation: You expend magic power (3 MP) to strengthen your wands. [potion of mutation]
 31110 | Vaults:2 | Gained mutation: You are robust. (+10% HP) [potion of mutation]
 31860 | Vaults:2 | Found a staircase to the Crypt.
 32541 | D:7      | Fell from the grace of Uskayaw
 32541 | D:7      | Became a worshipper of Hepliaklqana the Forgotten
 32608 | Temple   | Fell from the grace of Hepliaklqana
 32608 | Temple   | Became a worshipper of Uskayaw the Reveler
 32858 | Vaults:3 | Noticed a sphinx
 32875 | Vaults:3 | Killed a sphinx
 33237 | Vaults:3 | Noticed Jory
 33238 | Vaults:3 | Mangled by a deep troll

Skill      XL: |  1  2  3  4  5  6  7  8  9 10 11 12 13 14 15 16 |
---------------+-------------------------------------------------+-----
Short Blades   | 2 3 4 5 6 7 8 9 10 | 10.5
Shields        | 3 4 5 6 7 8 9 10 11 | 11.6
Fighting       | 3 4 5 6 7 8 9 10 11 | 11.9
Dodging        | 1 2 3 4 5 6 7 8 9 10 | 10.7
Armour         | 3 4 5 6 7 8 9 10 | 10.9
Stealth        | 3 5 6 8 9 10 12 | 12.0
Invocations    | 2 3 4 6 7 8 9 10 11 | 11.7

Action                   |  1- 3 |  4- 6 |  7- 9 | 10-12 | 13-15 | 16-18 || total
-------------------------+-------+-------+-------+-------+-------+-------++-------
Melee: Rapier            |    82 |       |       |       |       |       ||    82
       Bite              |    20 |    34 |   144 |   233 |   761 |  1066 ||  2258
       Dagger            |       |    85 |   350 |   512 |  1652 |   150 ||  2749
       Falchion          |       |       |       |       |       |  1897 ||  1897
Invok: Line Pass         |       |       |     2 |       |       |       ||     2
       Grand Finale      |       |       |       |       |     2 |       ||     2
Evoke: Wand              |       |       |       |       |    16 |    12 ||    28
       Lightning rod     |       |       |       |       |       |     2 ||     2
  Use: Scroll            |       |       |    12 |     4 |     9 |    23 ||    48
       Potion            |       |       |     5 |     3 |     1 |     6 ||    15
 Stab: Paralysed         |       |       |     7 |    30 |   109 |   150 ||   296
  Eat: Chunk             |       |    15 |    23 |    10 |    27 |    45 ||   120
       Royal jelly       |       |       |     1 |       |       |     2 ||     3
Armor: Scale mail        |    24 |       |       |       |       |       ||    24
       Chain mail        |     6 |    21 |    71 |       |       |       ||    98
       Plate armour      |       |       |    17 |   128 |   319 |   825 ||  1289
Dodge: Dodged            |    19 |    11 |    65 |   103 |   274 |   738 ||  1210
Block: Shield            |    41 |    32 |   122 |   296 |   707 |  1660 ||  2858
       Reflection        |       |       |       |       |       |    33 ||    33
       Rpst.: Falchion   |       |       |       |       |       |   136 ||   136
